 Dungeon Sprint DCSS version 0.31-a0-1-g4198be8af4 (webtiles) character file.

Game seed: 9787215282914426863

64 sircluck the Grasshopper (level 3, -1/32 HPs)
             Began as an Armataur Warper on May 2, 2023.
             Killed from afar by a white imp (5 damage)
             ... with a puff of frost
             ... in the Dungeon (Sprint IX: "|||||||||||||||||||||||||||||").
             The game lasted 00:00:27 (51 turns).

sircluck the Grasshopper (Armataur Warper)            Turns: 51, Time: 00:00:28

Health: -1/32      AC:  4    Str: 18    XL:     3   Next: 91%
Magic:  5/7        EV:  9    Int: 13    God:
Gold:   0          SH:  0    Dex:  9    Spells: 8/8 levels left

rFire   . . .        a - +0 mace
rCold   . . .        (no shield)
rNeg    . . .        b - +0 leather armour
rPois   .            (no helmet)
rElec   .            (no cloak)
rCorr   .            (no gloves)
SInv    .            (no barding)
Will    .....        (no amulet)
Stlth   +            (no ring)
HPRegen 0.25/turn    (no ring)
MPRegen 0.10/turn

%: no teleportation, roll
@: no status effects
A: large, rugged brown scales 3, deformed body, armoured tail, roll, long
tongue, awkward tongue
a: no special abilities


You were in the Dungeon.
You visited 1 branch

Inventory:

Hand Weapons
 a - a +0 mace (weapon)
Missiles
 d - 4 boomerangs of dispersal (quivered)
Armour
 b - a +0 leather armour (worn)
Scrolls
 c - a scroll of blinking
Potions
 e - a potion of curing
 f - a potion of heal wounds
 g - a potion of haste
 h - 2 potions of magic
 i - a potion of berserk rage


   Skills:
 + Level 2.7 Fighting
 + Level 3.0 Maces & Flails
 + Level 1.3 Throwing
 + Level 2.1 Armour
 + Level 2.4 Dodging
 + Level 3.0 Spellcasting
 + Level 5.7 Translocations


You had 8 spell levels left.
You didn't know any spells.
Your spell library contained the following spells:

 Spells                   Type           Power      Damage    Failure   Level
 Blink                    Tloc           32%        N/A       4%          2
 Lesser Beckoning         Tloc           32%        N/A       4%          2
 Teleport Other           Tloc           16%        N/A       8%          3
 Vhi's Electric Charge    Tloc/Air       18%        N/A       26%         3
 Manifold Assault         Tloc           16%        N/A       26%         4


Dungeon Overview and Level Annotations

Branches:
Dungeon (1/1)

Altars:


Innate Abilities, Weirdness & Mutations

You are completely covered in rugged brown scales. (AC +3, +7% HP)
Armour fits poorly on your strangely shaped body.
You have a long armoured tail.
You roll when moving toward enemies. (Rampage)
Your long tongue fully drains potion bottles. (2x potion effects)
Your tongue gives you trouble enunciating. (1.5x scroll delay)


Message History

There is an open door to the Dungeon, spattered with blood here.
Items here: )) [ ††.
The hound closely misses you.
You closely miss the hound. The hound bites you but does no damage.
The hound barely misses you.
You hit the hound.
The hound is moderately wounded.
The hound completely misses you.
You hit the hound.
The hound is heavily wounded.
The hound bites you but does no damage. The hound completely misses you.
You sock the hound!
The hound is almost dead.
The hound bites you but does no damage. The hound closely misses you.
You sock the hound!
You kill the hound!
The white imp closely misses you.
Your Maces & Flails skill increases to level 3!
Your Armour skill increases to level 2!
Your Spellcasting skill increases to level 3!
You hit the white imp.
The white imp is lightly wounded.
The white imp gestures at you. The puff of frost hits you.
* * * LOW HITPOINT WARNING * * *
You hit the white imp.
The white imp is moderately wounded.
The white imp sputters.
The white imp hits you but does no damage.
You closely miss the white imp.
The white imp is moderately wounded.
The white imp gestures at you. The puff of frost hits you.
* * * LOW HITPOINT WARNING * * *
You hit the white imp but do no damage. You tail-slap the white imp.
The white imp is moderately wounded.
The white imp hits you but does no damage.
The white imp gestures at you. The puff of frost hits you.
You die...

▓†▓
▓'▓
▓.▓
▓.▓
▓.▓
▓.▓
▓w▓
▓5▓
▓@▓
▓.▓
▓.▓
▓<▓
▓▓▓


You could see a worm and a white imp.

Vanquished Creatures
  A hound (D)
  An iguana (D)
  An orc (D)
  2 bats (D)
  A giant cockroach (D)
  A hobgoblin (D)
  A kobold (D)
8 creatures vanquished.

Notes
Turn   | Place    | Note
-------+----------+-------------------------------------------
     0 | D        | sircluck the Armataur Warper began the quest for the Orb.
     0 | D        | Reached XP level 1. HP: 18/18 MP: 3/3
    29 | D        | Noticed a hound
    29 | D        | Noticed an iguana
    37 | D        | Killed an iguana
    38 | D        | Reached skill level 1 in Throwing
    38 | D        | Reached skill level 4 in Translocations
    38 | D        | Reached XP level 2. HP: 7/26 MP: 3/5
    38 | D        | Reached XP level 3. HP: 9/32 MP: 4/7
    41 | D        | Reached skill level 5 in Translocations
    51 | D        | Killed from afar by a white imp

Illustrated notes

Levels and vault maps discovered:
D:        linesprint [early_d, line_temple, items_1, d_10, items_2, lair_1,
          lair_end, items_3, orc_1, orc_end, items_4, d_15, swamp_1, shoals_1,
          snake_1, spider_1, d_20, vaults_1, items_5, swamp_end, shoals_end,
          snake_end, spider_end, vaults_end, d_27, items_6, zot_1, zot_end,
          crypt_end, forest_end, elf_end, slime_end, tomb_end, abyss_end,
          pan_hell_end]

Skill      XL: |  1  2  3 |
---------------+----------+-----
Spellcasting   | 2 3 |  3.0
Maces & Flails | 2 3 |  3.0
Fighting       | 2 |  2.7
Throwing       | 1 |  1.3
Dodging        | 2 |  2.4
Translocations | 4 5 |  5.7
Armour         | 2 |  2.1

Action                     || total
---------------------------++-------
  Melee: Mace              ||    27
         Tailslap          ||     4
  Throw: Boomerang         ||     3
    Use: Scroll            ||     1
 Armour: Leather armour    ||    15
  Dodge: Dodged            ||    21

Table legend: (Time is in decaauts)
 A = Elapsed time spent in this place.
 B = Non-inter-level travel time spent in this place.
 C = Inter-level travel time spent in this place.
 D = Time resting spent in this place.
 E = Time spent auto-exploring this place.
 F = Levels seen in this place.
 G = Mean time per level.
                   A        B        C        D        E       F      G
               +--------+--------+--------+--------+--------+-----+--------+
         Total |     59 |     59 |      0 |      0 |     15 |   1 |   59.0 |
       Dungeon |     59 |     59 |      0 |      0 |     15 |   1 |   59.0 |
               +--------+--------+--------+--------+--------+-----+--------+

Top non-repeatable levels by time:
       D: 59 daAuts
